 Dungeon Crawl Stone Soup version 0.24.0-1-gfbc8707122 (webtiles) character file.

Game seed: 15750577158367508014, levelgen mode: deterministic

1853744 Chainwhirler the Conqueror (level 27, 273/273 HPs)
             Began as a Minotaur Fighter on Oct 25, 2019.
             Was the Champion of Okawaru.
             Escaped with the Orb
             ... and 3 runes!
             The game lasted 02:31:41 (58780 turns).

Chainwhirler the Conqueror (Minotaur Fighter)      Turns: 58780, Time: 02:31:42

Health: 273/273    AC: 46    Str: 33    XL:     27
Magic:  29/29      EV: 24    Int:  3    God:    Okawaru [******]
Gold:   3850       SH: 35    Dex: 17    Spells: 26/26 levels left

rFire    + + +     SeeInvis .   I - +9 broad axe (protect)
rCold    + + +     Gourm    .   G - +7 large shield {AC+3}
rNeg     . . .     Faith    .   S - +6 plate armour {rF+}
rPois    +         Spirit   .   O - +2 hat {MR+}
rElec    .         Reflect  .   v - scarf {rC+ rF+}
rCorr    +         Harm     .   h - +2 pair of gloves "Qasown" {rCorr Dex+3}
MR       ++++.                  P - +2 pair of boots {run}
Stlth    ..........             k - amulet of regeneration
HPRegen  0.95/turn              g - ring "Vonturoik" {rC+ AC+3 Str+3}
MPRegen  0.21/turn              t - ring "Kenekar" {+Blink rF+ MR+ AC+3}

@: glowing, quick
A: retaliatory headbutt, horns 2, thin skeletal structure 1, clumsy 1, cold
resistance 1, dopey 1, low mp 1, poison resistance, screaming 1, subdued magic 1
0: Orb of Zot
}: 3/15 runes: serpentine, barnacled, slimy
a: Heroism, Finesse, Renounce Religion, Evoke Blink


You escaped.
You worshipped Okawaru.
Okawaru was exalted by your worship.
You were not hungry.

You visited 11 branches of the dungeon, and saw 54 of its levels.
You visited the Abyss 1 time.
You visited 1 bazaar.
You also visited: Trove and Wizlab.

You collected 7671 gold pieces.
You spent 3821 gold pieces at shops.

Inventory:

Hand Weapons
 c - the +5 broad axe "Agezag" {antimagic, -Tele +Inv rElec}
   (You acquired it on level 3 of the Elven Halls)

   It reduces the magical energy of the wielder, and disrupts the spells and
   magical abilities of those hit.
   Natural abilities and divine invocations are not affected.
   It insulates you from electricity.
   It lets you turn invisible.
   It prevents most forms of teleportation.
 I - a +9 broad axe of protection (weapon)
Missiles
 l - 5 throwing nets (quivered) {!f}
 B - 10 javelins
Armour
 h - the +2 pair of gloves "Qasown" (worn) {rCorr Dex+3}
   (Okawaru gifted it to you on level 2 of the Snake Pit)

   It affects your dexterity (+3).
   It provides partial protection from all sources of acid and corrosion.
 v - a scarf of resistance (worn)
 G - a +7 large shield of protection (worn)
 O - a +2 hat of magic resistance (worn)
 P - a +2 pair of boots of running (worn)
 S - a +6 plate armour of fire resistance (worn)
Jewellery
 g - the ring "Vonturoik" (left hand) {rC+ AC+3 Str+3}
   (You took it off an ironheart preserver on level 1 of the Vaults)

   [ring of protection]

   It affects your AC (+3).
   It affects your strength (+3).
   It protects you from cold.
 k - an amulet of regeneration (around neck)
 t - the ring "Kenekar" (right hand) {+Blink rF+ MR+ AC+3}
   (You bought it in a shop in a bazaar)

   [ring of protection]

   It affects your AC (+3).
   It protects you from fire.
   It affects your resistance to hostile enchantments.
   It lets you blink.
Wands
 p - a wand of clouds (11)
 q - a wand of iceblast (51)
 H - a wand of acid (3)
 K - a wand of paralysis (32)
 L - a wand of digging (32)
 N - a wand of enslavement (21)
 T - a wand of random effects (18)
 Z - a wand of scattershot (5)
Scrolls
 a - a scroll of holy word
 n - 6 scrolls of fog
 o - 22 scrolls of teleportation
 r - 26 scrolls of remove curse
 s - 6 scrolls of identify
 u - 4 scrolls of blinking
 w - 4 scrolls of fear
 x - a scroll of enchant weapon
 F - 11 scrolls of amnesia
 J - 3 scrolls of immolation
 V - 4 scrolls of magic mapping
 W - 2 scrolls of summoning
Potions
 b - 2 potions of brilliance
 d - 5 potions of might
 e - 22 potions of curing
 i - 5 potions of invisibility
 j - 8 potions of mutation
 m - 13 potions of ambrosia
 z - a potion of magic
 C - 4 potions of haste
 D - 3 potions of heal wounds
 E - 3 potions of cancellation
 M - a potion of berserk rage
 Q - 3 potions of agility
 U - 2 potions of flight
 Y - 2 potions of resistance
Miscellaneous
 y - 3 boxes of beasts
 A - a phial of floods
 R - a lightning rod (4/4)
 X - a lamp of fire
Comestibles
 f - 76 rations


   Skills:
 O Level 27 Fighting
 - Level 18.0 Axes
 + Level 24.0 Armour
 + Level 22.9 Dodging
 - Level 25.0 Shields
 - Level 9.0 Invocations
 - Level 15.0 Evocations


You had 26 spell levels left.
You didn't know any spells.
Your spell library contained the following spells:

 Spells                   Type           Power        Failure   Level  Hunger
 Animate Skeleton         Necr           N/A          85%         1    ##.....
 Apportation              Tloc           #.....       85%         1    ##.....
 Beastly Appendage        Tmut           #.....       85%         1    ##.....
 Confusing Touch          Hex            #.....       85%         1    ##.....
 Corona                   Hex            #......      85%         1    ##.....
 Flame Tongue             Conj/Fire      #....        85%         1    ##.....
 Freeze                   Ice            #...         85%         1    ##.....
 Magic Dart               Conj           #...         85%         1    ##.....
 Pain                     Necr           #...         85%         1    ##.....
 Shock                    Conj/Air       #...         85%         1    ##.....
 Sting                    Conj/Pois      #...         85%         1    ##.....
 Summon Small Mammal      Summ           #...         85%         1    ##.....
 Blink                    Tloc           N/A          94%         2    ###....
 Call Imp                 Summ           #.......     94%         2    ###....
 Corpse Rot               Necr           N/A          94%         2    ###....
 Ensorcelled Hibernation  Hex/Ice        #.....       94%         2    ###....
 Poisonous Vapours        Pois/Air       #.....       94%         2    ###....
 Searing Ray              Conj           #.....       94%         2    ###....
 Shroud of Golubria       Chrm/Tloc      #.....       94%         2    ###....
 Slow                     Hex            #.......     94%         2    ###....
 Sticks to Snakes         Tmut           #.......     94%         2    ###....
 Sublimation of Blood     Necr           #.........   94%         2    ###....
 Swiftness                Chrm/Air       #.......     94%         2    ###....
 Throw Flame              Conj/Fire      #.....       94%         2    ###....
 Throw Frost              Conj/Ice       #.....       94%         2    ###....
 Confuse                  Hex            #.......     99%         3    ####...
 Conjure Flame            Conj/Fire      #.......     99%         3    ####...
 Dazzling Spray           Conj/Hex       #.....       99%         3    ####...
 Gell's Gravitas          Tloc           #.........   99%         3    ####...
 Ignite Poison            Fire/Tmut/Pois #.......     99%         3    ####...
 Inner Flame              Hex/Fire       #.......     99%         3    ####...
 Lesser Beckoning         Tloc           #.........   99%         3    ####...
 Mephitic Cloud           Conj/Pois/Air  #.......     99%         3    ####...
 Ozocubu's Armour         Chrm/Ice       #.......     99%         3    ####...
 Portal Projectile        Hex/Tloc       #.....       99%         3    ####...
 Recall                   Summ/Tloc      N/A          99%         3    ####...
 Regeneration             Chrm/Necr      #.........   99%         3    ####...
 Spectral Weapon          Hex/Chrm       #.......     99%         3    ####...
 Spider Form              Tmut/Pois      #.........   99%         3    ####...
 Static Discharge         Conj/Air       #.......     99%         3    ####...
 Teleport Other           Tloc           #.......     99%         3    ####...
 Tukima's Dance           Hex            #.......     99%         3    ####...
 Vampiric Draining        Necr           #.........   99%         3    ####...
 Airstrike                Air            #.........   100%        4    #####..
 Animate Dead             Necr           N/A          100%        4    #####..
 Cause Fear               Hex            #.........   100%        4    #####..
 Force Lance              Conj/Tloc      #.......     100%        4    #####..
 Fulminant Prism          Conj/Hex       #.........   100%        4    #####..
 Ice Form                 Ice/Tmut       #.......     100%        4    #####..
 Iskenderun's Mystic Bla  Conj           #.......     100%        4    #####..
 Leda's Liquefaction      Hex/Erth       #.........   100%        4    #####..
 Petrify                  Tmut/Erth      #.......     100%        4    #####..
 Sticky Flame             Conj/Fire      #.......     100%        4    #####..
 Summon Ice Beast         Ice/Summ       #.......     100%        4    #####..
 Summon Lightning Spire   Summ/Air       #.......     100%        4    #####..
 Throw Icicle             Conj/Ice       #.......     100%        4    #####..
 Agony                    Necr           #.......     100%        5    ######.
 Alistair's Intoxication  Tmut/Pois      #.......     100%        5    ######.
 Blade Hands              Tmut           #.........   100%        5    ######.
 Bolt of Draining         Conj/Necr      #.........   100%        5    ######.
 Bolt of Magma            Conj/Fire/Erth #.........   100%        5    ######.
 Borgnjor's Vile Clutch   Necr/Erth      #.........   100%        5    ######.
 Dispel Undead            Necr           #.......     100%        5    ######.
 Excruciating Wounds      Chrm/Necr      #.........   100%        5    ######.
 Fireball                 Conj/Fire      #.........   100%        5    ######.
 Irradiate                Conj/Tmut      #.........   100%        5    ######.
 Iskenderun's Battlesphe  Conj/Chrm      #.......     100%        5    ######.
 Lightning Bolt           Conj/Air       #.........   100%        5    ######.
 Metabolic Englaciation   Hex/Ice        #.........   100%        5    ######.
 Silence                  Hex/Air        #.........   100%        5    ######.
 Venom Bolt               Conj/Pois      #.........   100%        5    ######.
 Yara's Violent Unravell  Hex/Tmut       #.........   100%        5    ######.
 Bolt of Cold             Conj/Ice       #.........   100%        6    #######
 Bolt of Fire             Conj/Fire      #.........   100%        6    #######
 Conjure Ball Lightning   Conj/Air       #.........   100%        6    #######
 Darkness                 Hex            #.........   100%        6    #######
 Death Channel            Necr           #.........   100%        6    #######
 Deflect Missiles         Chrm/Air       #.........   100%        6    #######
 Dispersal                Tloc           #.........   100%        6    #######
 Freezing Cloud           Conj/Ice/Air   #.........   100%        6    #######
 Hydra Form               Tmut           #.........   100%        6    #######
 Iron Shot                Conj/Erth      #.........   100%        6    #######
 Ozocubu's Refrigeration  Ice            #.........   100%        6    #######
 Shadow Creatures         Summ           N/A          100%        6    #######
 Simulacrum               Ice/Necr       #.........   100%        6    #######
 Statue Form              Tmut/Erth      #........    100%        6    #######
 Dragon Form              Tmut           #.........   100%        7    #######
 Haunt                    Necr/Summ      #.........   100%        7    #######
 Malign Gateway           Summ/Tloc      #.........   100%        7    #######
 Monstrous Menagerie      Summ           #.........   100%        7    #######
 Ring of Flames           Chrm/Fire      #.........   100%        7    #######
 Spellforged Servitor     Conj/Summ      #.........   100%        7    #######
 Summon Greater Demon     Summ           #.........   100%        7    #######
 Borgnjor's Revivificati  Necr           #.........   100%        8    #######
 Controlled Blink         Tloc           N/A          100%        8    #######
 Death's Door             Chrm/Necr      #.........   100%        8    #######
 Discord                  Hex            #.........   100%        8    #######
 Disjunction              Tloc           #.........   100%        8    #######
 Infestation              Necr           #.........   100%        8    #######
 Necromutation            Tmut/Necr      #.........   100%        8    #######
 Summon Horrible Things   Summ           #.........   100%        8    #######
 Dragon's Call            Summ           #.........   100%        9    #######
 Shatter                  Erth           #.........   100%        9    #######
 Tornado                  Air            #.........   100%        9    #######
 Passage of Golubria      Tloc           Unusable     N/A         4    N/A

Dungeon Overview and Level Annotations

Branches:
Dungeon (15/15)            Temple (1/1) D:4            Lair (6/6) D:10
 Shoals (4/4) Lair:4        Snake (4/4) Lair:4        Slime (5/5) Lair:5
    Orc (2/2) D:12            Elf (3/3) Orc:2        Vaults (4/5) D:13
  Crypt (0/3) Vaults:2     Depths (5/5) D:15            Zot (5/5) Depths:5
 WizLab (visited)

Altars:
Ashenzari
Cheibriados
Dithmenos
Elyvilon
Fedhas
Gozag
Hepliaklqana
Kikubaaqudgha
Makhleb
Nemelex Xobeh
Okawaru
Qazlal
Ru
Sif Muna
Trog
Uskayaw
Vehumet
Wu Jian
Xom
Yredelemnul
Zin
The Shining One
Beogh
Jiyva
Lugonu

Shops:
D:7 !   Orc:1 *   Orc:2 =*[(   Elf:2 :   Elf:3 [   Snake:2 **[(   Snake:3 =}=

Portals:
Hell: Depths:1 Depths:2 Depths:3 Depths:5
Abyss: Depths:1 Depths:2 Depths:3 Depths:4 Depths:5
Pandemonium: Depths:1 Depths:3
Ziggurat: Depths:2

Annotations:
D:9 exclusion: obsidian statue
D:10 2 runed translucent doors
Lair:3 exclusion: 2 oklob plants
Elf:2 3 runed translucent doors
Depths:1 1 runed translucent door, Barug's ghost, adept TrMo
Depths:2 1 exclusion
Depths:4 exclusion: 2 orange crystal statues


Innate Abilities, Weirdness & Mutations

You reflexively headbutt those who attack you in melee.
You have a pair of horns on your head.
You have a somewhat thin skeletal structure. (Dex +2, Stealth)
You are clumsy. (Dex -2)
Your flesh is cold resistant. (rC+)
You are dopey. (Int -2)
Your magical capacity is low. (-10% MP)
Your system is resistant to poisons. (rPois)
You occasionally shout uncontrollably at your foes.
Your spells are a little easier to cast, but a little less powerful.


Message History

You block the bat's attack. You block the bat's attack.
You enter the shallow water.
Moving in this stuff is going to be slow.
You block the bat's attack. You block the Orb Guardian's attack.
The cherub shoots an arrow.
The arrow closely misses you.
The arrow closely misses the bat.
You hear a sizzling splash.
You block the bat's attack. You block the Orb Guardian's attack.
The Orb Guardian hits you but does no damage.
You block the bat's attack. You block the Orb Guardian's attack.
You block the bat's attack. The Orb Guardian misses you.
You furiously retaliate!
You headbutt the Orb Guardian!
There is a large open door here.
The bat closely misses you. The Orb Guardian closely misses you.
You furiously retaliate!
You headbutt the Orb Guardian! You block the bat's attack.
There is a staircase leading out of the dungeon here.
You block the bat's attack. The Orb Guardian misses you.
You have escaped!

.#### #..#
....# ##.##
....#
##########2.#
....#
#≈≈≈≈≈≈§≈≈≈.##
.####
#≈8≈≈≈≈≈≈8≈..#
.#
#≈≈8≈≈≈≈84≈..#
.#
#≈≈≈####≈≈≈..#
.#
#§§≈#bXA≈§≈..#
.#
#§≈§#@.'≈≈≈..#
.######
#§§§####≈≈≈..#
>##...#
#≈≈8≈≈≈≈8≈≈..#
.##.#.#
#≈8≈≈≈≈≈≈8≈###
.##.#.#
#≈≈≈≈≈≈≈≈≈≈#
.##.#.#
############
....#.#
#####.#
......#


You could see an Orb Guardian, a cherub, a shadow demon, an orange demon and a
bat.

Vanquished Creatures
  Dissolution (Slime:2)
  the Royal Jelly (Slime:5)
  2 orbs of fire
  7 ancient liches
  Sojobo (Depths:5)
  Bai Suzhen (Snake:4)
  2 Killer Klowns (Zot:5)
  Saint Roka (Elf:3)
  Xtahua (Depths:5)
  Vashnia (Snake:4)
  7 curse toes
  5 golden dragons
  3 electric golems
  2 Tzitzimimeh
  16 tentacled monstrosities
  24 Orb Guardians
  A lich (Depths:2)
  2 deep elf blademasters (Elf:3)
  11 acid blobs
  2 krakens
  2 deep elf master archers (Elf:3)
  10 quicksilver dragons
  2 sphinxes
  9 death cobs
  A tentacled starspawn (Abyss:2)
  9 shadow dragons
  7 nagarajas
  3 tengu reavers
  18 storm dragons
  11 azure jellies
  4 draconian monks
  Agnes (D:14)
  9 draconian knights
  A daeva (Depths:3)
  4 fire giants
  3 orc warlords
  Ilsuiw (Shoals:3)
  5 draconian scorchers
  5 deep elf sorcerers
  2 iron dragons
  A ghost moth (Zot:4)
  12 vault wardens
  Louise (Snake:1)
  Aizul (Shoals:2)
  7 draconian shifters
  4 deep elf elementalists
  6 frost giants
  3 balrugs
  3 draconian stormcallers
  12 draconian annihilators
  2 spriggan defenders (Depths:5)
  8 ironheart preservers
  12 stone giants
  3 vampire knights
  23 very ugly things
  3 entropy weavers
  Nessos (D:13)
  16 black draconians
  13 green draconians
  12 deep elf demonologists
  7 white draconians
  4 red draconians (Zot:4)
  18 purple draconians
  15 yellow draconians
  6 deep elf annihilators (Elf:3)
  12 ettins
  4 spark wasps (Depths:4)
  5 merfolk javelineers
  9 deep elf death magi
  A green death (D:2)
  2 eidola (Depths:4)
  5 death oozes
  9 merfolk impalers
  2 fire dragons (Vaults:1)
  9 statues (WizLab)
  Josephine (D:14)
  7 great orbs of eyes
  4 deep elf high priests
  14 yaktaur captains
  13 naga warriors
  6 rakshasas
  9 hydras
  7 ice dragons
  16 vault guards
  3 merfolk aquamancers (Shoals:4)
  6 anacondas
  A catoblepas (Vaults:1)
  10 ogre magi
  A satyr (Shoals:2)
  5 merfolk avatars
  3 spriggan air magi
  18 dancing weapons
  2 death knights
  2 alligators (Lair:4)
  6 centaur warriors
  5 deep troll earth magi
  33 two-headed ogres
  6 deep troll shamans
  3 vampire magi (Depths:3)
  10 death yaks
  3 spriggan berserkers
  4 tengu warriors
  3 thrashing horrors (Abyss:2)
  4 orc high priests (Orc:2)
  20 naga sharpshooters
  7 shock serpents
  22 deep elf knights
  2 hell knights (Depths:5)
  Nergalle (Orc:1)
  3 spriggans
  Sonja (Lair:5)
  2 salamander mystics
  3 soul eaters (Depths:4)
  2 shadow wraiths
  2 sun demons (Depths:1)
  A wretched star (Abyss:2)
  8 skeletal warriors
  22 deep trolls
  18 sea snakes
  2 flayed ghosts (Depths:4)
  2 spectral anacondas (Depths:4)
  4 unseen horrors
  6 iron trolls
  A storm dragon skeleton (Vaults:3)
  2 naga ritualists
  4 glowing orange brains
  A torturous demonspawn (D:4)
  2 swamp dragons
  4 phantasmal warriors
  2 wizards
  18 deep elf archers
  26 harpies
  15 ironbrand convokers
  2 harpies (shapeshifter)
  12 mana vipers
  2 necromancers
  6 orc sorcerers
  18 orc knights
  A tengu skeleton (Vaults:3)
  3 shining eyes
  64 deep elf magi
  40 ugly things
  12 salamanders
  2 oklob plants (Lair:3)
  13 manticores
  A faun (shapeshifter) (Depths:2)
  12 cyclopes
  9 fauns
  9 merfolk sirens
  A fire giant skeleton (Vaults:3)
  4 elephants
  An orc zombie (Vaults:2)
  A guardian serpent (shapeshifter) (Vaults:1)
  31 moths of wrath
  A black mamba (shapeshifter) (Vaults:2)
  30 black mambas
  6 water nymphs
  8 guardian serpents
  Joseph (D:7)
  16 naga magi
  An apocalypse crab (Abyss:2)
  14 vault sentinels
  A smoke demon (Zot:5)
  An eye of devastation (shapeshifter) (D:15)
  A water nymph (shapeshifter) (Elf:2)
  An ice statue (D:9)
  12 spiny frogs
  63 yaktaurs
  4 human zombies
  9 komodo dragons
  2 hellions
  7 rime drakes
  An efreet (D:13)
  A komodo dragon (shapeshifter) (Vaults:1)
  A guardian mummy (Depths:3)
  4 spectral merfolk (Depths:4)
  2 ancient zymes (Abyss:2)
  3 human skeletons
  6 freezing wraiths
  2 hellwings
  5 tengu conjurers
  A redback zombie (D:15)
  5 polar bears
  3 red devils
  6 trolls
  2 trolls (shapeshifter)
  6 wind drakes
  A jumping spider (Vaults:4)
  32 merfolk
  A blink frog (shapeshifter) (Elf:1)
  2 meliai
  122 slime creatures
  8 blink frogs
  9 hornets
  5 raiju (Depths:4)
  11 snapping turtles
  10 hippogriffs
  25 dream sheep
  A frost giant simulacrum (Vaults:2)
  4 redbacks (Vaults:4)
  5 air elementals
  A centaur simulacrum (D:15)
  A tarantella (Vaults:4)
  A ynoxinul (Depths:5)
  5 fire elementals
  6 shadows (Depths:4)
  A tarantella (shapeshifter) (Depths:3)
  2 spriggans (shapeshifter)
  A wyvern (shapeshifter) (Vaults:2)
  19 water elementals
  38 yaks
  Sigmund (D:6)
  7 vampires
  Eustachio (D:6)
  4 wyverns
  A yak (shapeshifter) (Vaults:1)
  12 golden eyes
  16 wraiths
  2 vampire mosquitoes (D:12)
  2 steam dragons
  4 hungry ghosts
  2 basilisks
  12 wargs
  Menkaure (D:5)
  48 nagas
  3 acid dragons
  A swamp worm (Lair:4)
  A large abomination (Abyss:2)
  14 water moccasins
  A floating eye (Depths:4)
  2 soldier ants (shapeshifter)
  10 porcupines
  3 spectral trolls (Depths:4)
  7 hell hounds (Depths:4)
  A hydra simulacrum (Depths:4)
  5 spectral spriggans (Depths:4)
  62 orc warriors
  A swamp drake (Lair:4)
  14 ice beasts
  A sky beast (shapeshifter) (Depths:5)
  5 sky beasts
  A black bear (D:13)
  5 eyes of draining
  A phantom (D:5)
  A snapping turtle zombie (Depths:4)
  An elf zombie (Vaults:3)
  33 ogres
  2 necrophages
  7 wolves
  18 centaurs
  10 boggarts
  9 crocodiles
  2 big kobolds (D:11)
  A small abomination (Abyss:2)
  Blork the orc (D:8)
  29 bullfrogs
  A glowing shapeshifter simulacrum (Vaults:2)
  2 earth elementals (Elf:1)
  8 scorpions
  A human simulacrum (Vaults:3)
  6 killer bees
  2 spectral ogres (Depths:4)
  A spectral naga (Depths:4)
  12 wights
  6 howler monkeys
  An electric eel (Lair:2)
  9 crimson imps
  A quasit (D:12)
  A lava snake (Lair:2)
  A bullfrog zombie (D:13)
  3 centaur zombies
  7 jellies
  Crazy Yiuf (D:6)
  2 bullfrog skeletons (D:7)
  9 centaur skeletons
  11 hounds
  An iron imp (Depths:3)
  31 orc priests
  Jessica (D:3)
  4 iguanas
  38 orc wizards
  A spriggan simulacrum (Depths:4)
  12 worker ants
  A killer bee zombie (D:8)
  A hound zombie (D:7)
  A hound skeleton (D:9)
  3 worker ant zombies
  11 gnolls
  15 adders
  7 shadow imps
  5 oozes
  3 adder zombies
  4 adder skeletons (D:3)
  4 worms
  3 dart slugs
  3 leopard geckos
  132 orcs
  5 giant cockroaches
  7 goblins
  9 hobgoblins
  8 jackals
  5 quokkas
  6 bats
  7 frilled lizards
  A giant cockroach zombie (D:3)
  A jackal skeleton (D:7)
  A jackal zombie (D:3)
  20 kobolds
  A leopard gecko skeleton (D:3)
  2 leopard gecko zombies (D:3)
  3 quokka skeletons (D:3)
  7 rats
  4 bushes (Shoals:1)
  A fungus (Lair:6)
  14 plants
  6 tentacles
2477 creatures vanquished.

Vanquished Creatures (others)
  A nagaraja (Snake:4)
  A ghost moth (Zot:4)
  A purple draconian (WizLab)
  A merfolk aquamancer (Shoals:4)
  A deep elf knight (Vaults:3)
  A deep elf mage (Elf:2)
  A manticore (Shoals:4)
  A moth of wrath (Zot:3)
  A merfolk (Shoals:3)
  An air elemental (Elf:3)
  A chaos spawn (Depths:1)
  A small abomination (Depths:1)
  A spectral troll (Depths:4)
  A boggart (Depths:2)
  An orc (Orc:2)
  19 fungi
  35 plants
  2 starspawn tentacles (Abyss:2)
  21 tentacles
92 creatures vanquished.

Grand Total: 2569 creatures vanquished

Notes
Turn   | Place    | Note
-------+----------+-------------------------------------------
     0 | D:1      | Chainwhirler the Minotaur Fighter began the quest for the
                  | Orb.
     0 | D:1      | Reached XP level 1. HP: 19/19 MP: 0/0
   136 | D:1      | Reached XP level 2. HP: 27/27 MP: 1/1
   281 | D:1      | Reached skill level 4 in Fighting
   423 | D:1      | Reached XP level 3. HP: 33/33 MP: 2/2
   485 | D:2      | Noticed an orc warrior
   584 | D:2      | Reached XP level 4. HP: 40/40 MP: 3/3
   724 | D:2      | Found a white marble altar of Elyvilon.
  1259 | D:3      | Reached XP level 5. HP: 47/47 MP: 4/4
  1302 | D:3      | Reached skill level 5 in Axes
  1470 | D:3      | Noticed Jessica
  1485 | D:3      | Killed Jessica
  1485 | D:3      | Reached skill level 5 in Armour
  1561 | D:3      | Reached skill level 5 in Fighting
  1601 | D:3      | Reached XP level 6. HP: 55/56 MP: 5/5
  1999 | D:4      | Found a staircase to the Ecumenical Temple.
  2013 | Temple   | Entered the Ecumenical Temple
  2188 | Temple   | Became a worshipper of Warmaster Okawaru
  2298 | D:4      | Found a hazy altar of Hepliaklqana.
  2326 | D:4      | Reached XP level 7. HP: 51/61 MP: 6/6
  2434 | D:4      | Reached skill level 1 in Invocations
  2444 | D:4      | Found a glowing golden altar of the Shining One.
  2715 | D:5      | Entered Level 5 of the Dungeon
  3002 | D:5      | Found an opulent altar of Gozag.
  3040 | D:5      | Reached * piety under Okawaru
  3040 | D:5      | Reached skill level 6 in Fighting
  3056 | D:5      | Noticed Menkaure
  3079 | D:5      | Killed Menkaure
  3106 | D:5      | Reached XP level 8. HP: 71/71 MP: 8/8
  3541 | D:6      | Found a hide-covered altar of Uskayaw.
  3559 | D:6      | Noticed Eustachio
  3581 | D:6      | Killed Eustachio
  3838 | D:6      | Noticed Sigmund
  3864 | D:6      | Killed Sigmund
  3864 | D:6      | Reached ** piety under Okawaru
  3864 | D:6      | Reached skill level 7 in Fighting
  4096 | D:6      | Found a shimmering blue altar of Sif Muna.
  4176 | D:6      | Found a stormy altar of Qazlal.
  4190 | D:6      | Noticed Blork the orc
  4492 | D:6      | Found a runed translucent door.
  4493 | D:6      | Noticed Crazy Yiuf
  4601 | D:6      | Killed Crazy Yiuf
  4947 | D:7      | Found Atawasox's Distillery.
  4949 | D:7      | Reached XP level 9. HP: 79/79 MP: 10/10
  4978 | D:7      | Bought a potion of haste for 150 gold pieces
  4978 | D:7      | Bought a potion of heal wounds for 75 gold pieces
  4978 | D:7      | Bought a potion of cancellation for 120 gold pieces
  4978 | D:7      | Bought a potion of lignification for 45 gold pieces
  5090 | D:7      | Noticed Joseph
  5108 | D:7      | Killed Joseph
  5108 | D:7      | Reached *** piety under Okawaru
  5108 | D:7      | Reached skill level 1 in Evocations
  5175 | D:7      | Reached skill level 10 in Axes
  5410 | D:7      | Reached skill level 8 in Fighting
  5693 | D:7      | Found a blossoming altar of Fedhas.
  5693 | D:7      | Found a sparkling altar of Nemelex Xobeh.
  6175 | D:8      | Reached **** piety under Okawaru
  6368 | D:8      | Reached XP level 10. HP: 90/90 MP: 12/12
  6899 | D:9      | Identified a scroll of acquirement
  7030 | D:9      | Noticed an ice statue
  7348 | D:9      | Killed an ice statue
  7448 | D:9      | Found a burning altar of Makhleb.
  7458 | D:9      | Noticed an obsidian statue
  7538 | D:8      | Killed Blork the orc
  7538 | D:8      | Reached skill level 5 in Evocations
  7580 | D:9      | Reached skill level 9 in Fighting
  7585 | D:9      | Reached ***** piety under Okawaru
  7781 | D:10     | Entered Level 10 of the Dungeon
  7822 | D:10     | Found a staircase to the Lair.
  7884 | D:10     | Found a snail-covered altar of Cheibriados.
  8004 | D:10     | Received a gift from Okawaru
  8079 | D:10     | Noticed a cyclops
  8089 | D:10     | Killed a cyclops
  8138 | D:10     | Found a runed translucent door.
  8140 | D:10     | Found a runed translucent door.
  8197 | D:10     | Noticed an ogre mage
  8206 | D:10     | Killed an ogre mage
  8206 | D:10     | Reached XP level 11. HP: 50/99 MP: 5/13
  8401 | D:10     | Got a bloodstained cloak
  8424 | D:10     | Identified the +4 cloak of Midnight {-Cast +Fly rC- Int+8}
                  | (You found it on level 10 of the Dungeon)
  8594 | Lair:1   | Entered Level 1 of the Lair of Beasts
  8594 | Lair:1   | Noticed an eight-headed hydra
  8625 | D:10     | Killed an eight-headed hydra
  8625 | D:10     | Reached skill level 10 in Fighting
  8625 | D:10     | Reached skill level 10 in Armour
  8674 | D:10     | Reached skill level 5 in Invocations
  9280 | Lair:1   | Received a gift from Okawaru
  9280 | Lair:1   | Reached skill level 11 in Fighting
  9616 | Lair:2   | Noticed a death yak
  9616 | Lair:2   | Noticed a death yak
  9617 | Lair:2   | Noticed a death yak
  9618 | Lair:2   | Noticed a death yak
  9637 | Lair:1   | Killed a death yak
  9706 | Lair:2   | Found a frozen archway.
  9710 | Lair:2   | Reached XP level 12. HP: 110/110 MP: 15/15
  9803 | Lair:2   | Reached skill level 5 in Shields
 10205 | Lair:2   | Killed a death yak
 10205 | Lair:2   | Reached skill level 15 in Axes
 10207 | Lair:2   | Killed a death yak
 10218 | Lair:2   | Killed a death yak
 10622 | Lair:3   | Noticed a four-headed hydra
 10626 | Lair:3   | Killed a four-headed hydra
 10626 | Lair:3   | Received a gift from Okawaru
 10678 | Lair:3   | Reached ****** piety under Okawaru
 10925 | Lair:3   | Noticed a five-headed hydra
 10954 | Lair:3   | Killed a seven-headed hydra
 10954 | Lair:3   | Reached skill level 12 in Fighting
 11925 | Lair:4   | Found a staircase to the Snake Pit.
 12070 | Lair:4   | Noticed a seven-headed hydra
 12114 | Lair:4   | Killed an 18-headed hydra
 12220 | Lair:4   | Reached XP level 13. HP: 119/119 MP: 18/18
 12523 | Lair:4   | Found a staircase to the Shoals.
 13558 | Lair:5   | Received a gift from Okawaru
 13627 | Lair:5   | Found a staircase to the Slime Pits.
 13778 | Lair:5   | Noticed Sonja
 13785 | Lair:5   | Killed Sonja
 14249 | Lair:6   | Entered Level 6 of the Lair of Beasts
 14265 | Lair:6   | Found a shattered altar of Ashenzari.
 14365 | Lair:6   | Reached skill level 13 in Fighting
 15145 | Lair:6   | Received a gift from Okawaru
 15182 | Lair:6   | Reached skill level 10 in Shields
 15278 | Lair:6   | Reached XP level 14. HP: 130/130 MP: 19/19
 15316 | Lair:6   | Reached skill level 14 in Fighting
 15368 | Lair:6   | Identified Suiboic's Further Steps in Casting
 16757 | D:12     | Found a staircase to the Orcish Mines.
 17211 | D:12     | Reached skill level 15 in Fighting
 17458 | Orc:1    | Entered Level 1 of the Orcish Mines
 17539 | Orc:1    | Found a roughly hewn altar of Beogh.
 17546 | Orc:1    | Noticed Nergalle
 17550 | Orc:1    | Received a gift from Okawaru
 17556 | Orc:1    | Killed Nergalle
 17590 | Orc:1    | Noticed an orc warlord
 17844 | Orc:1    | Killed an orc warlord
 17902 | Orc:1    | Found Vuihys's Assorted Antiques.
 18022 | Orc:1    | Bought a scroll of magic mapping for 105 gold pieces
 18022 | Orc:1    | Bought a wand of iceblast (9) for 120 gold pieces
 18031 | Orc:2    | Entered Level 2 of the Orcish Mines
 18287 | Orc:2    | Noticed an orc warlord
 18317 | Orc:2    | Killed an orc warlord
 18502 | Orc:2    | Found a staircase to the Elven Halls.
 18740 | Orc:2    | Found Iwuz's General Store.
 18741 | Orc:2    | Found Meps's Jewellery Shop.
 18742 | Orc:2    | Found Ilueliem's Antique Armour Boutique.
 18742 | Orc:2    | Found Kululen's Antique Weapon Boutique.
 18756 | Orc:2    | Bought the ring of Vehumet's Generosity {+Fly Int+4 Slay+3
                  | SInv} for 596 gold pieces
 18984 | D:13     | Reached XP level 15. HP: 139/142 MP: 20/20
 19329 | D:13     | Reached skill level 16 in Fighting
 19916 | D:13     | Noticed Nessos
 19928 | D:13     | Killed Nessos
 19928 | D:13     | Received a gift from Okawaru
 20040 | D:13     | Found a gate to the Vaults.
 20350 | D:14     | Noticed Josephine
 20360 | D:14     | Killed Josephine
 20374 | D:14     | Noticed Agnes
 20380 | D:14     | Killed Agnes
 20531 | D:14     | Reached skill level 15 in Shields
 20895 | D:15     | Entered Level 15 of the Dungeon
 21624 | D:15     | Found a staircase to the Depths.
 22059 | Snake:1  | Entered Level 1 of the Snake Pit
 22340 | Snake:1  | Received a gift from Okawaru
 22525 | Snake:1  | Reached XP level 16. HP: 114/153 MP: 21/21
 22805 | Snake:1  | Noticed Louise
 22833 | Snake:1  | Killed Louise
 22833 | Snake:1  | Reached skill level 17 in Fighting
 23383 | Snake:2  | Found Boal Fik's Assorted Antiques.
 23386 | Snake:2  | Found Mickupu's Antique Armour Shoppe.
 23386 | Snake:2  | Found Reump's General Store.
 23391 | Snake:2  | Bought a scroll of blinking for 240 gold pieces
 23391 | Snake:2  | Bought a scroll of enchant weapon for 240 gold pieces
 23391 | Snake:2  | Found Hohathiv's Weapon Shoppe.
 23394 | Snake:2  | Bought a scroll of brand weapon for 220 gold pieces
 23400 | Snake:2  | Bought a pair of embroidered boots for 292 gold pieces
 23411 | Snake:2  | Identified a +2 pair of boots of running (You bought it in
                  | a shop on level 2 of the Snake Pit)
 23711 | Snake:2  | Received a gift from Okawaru
 23753 | Snake:2  | Got a pair of warped gloves {god gift}
 23754 | Snake:2  | Identified the +2 pair of gloves "Qasown" {rCorr Dex+3}
                  | (Okawaru gifted it to you on level 2 of the Snake Pit)
 24830 | Snake:3  | Found Ucepag's Jewellery Boutique.
 24830 | Snake:3  | Found Ceffob's Gadget Shoppe.
 24831 | Snake:3  | Found Ajitwime's Jewellery Boutique.
 25106 | Snake:4  | Entered Level 4 of the Snake Pit
 25468 | Snake:4  | Received a gift from Okawaru
 25469 | Snake:4  | Found the +8 longbow "Zephyr" {speed, Dex+3 SInv}
 25564 | Snake:4  | Reached XP level 17. HP: 139/162 MP: 23/23
 25757 | Snake:4  | Noticed Bai Suzhen
 25792 | Snake:4  | Killed Bai Suzhen
 25823 | Snake:4  | Noticed Vashnia
 26044 | Snake:4  | Killed Vashnia
 26044 | Snake:4  | Received a gift from Okawaru
 26044 | Snake:4  | Reached skill level 18 in Fighting
 26044 | Snake:4  | Reached skill level 10 in Evocations
 26519 | Snake:4  | Received a gift from Okawaru
 26677 | Snake:4  | Got a serpentine rune of Zot
 26844 | Shoals:1 | Entered Level 1 of the Shoals
 27426 | Shoals:1 | Noticed a kraken
 27467 | Shoals:1 | Killed a kraken
 27478 | Shoals:2 | Noticed Aizul
 27494 | Shoals:2 | Killed Aizul
 27530 | Shoals:2 | Received a gift from Okawaru
 28058 | Shoals:2 | Reached XP level 18. HP: 171/172 MP: 24/24
 28675 | Shoals:3 | Noticed Ilsuiw
 28691 | Shoals:3 | Killed Ilsuiw
 28820 | Shoals:3 | Reached skill level 19 in Fighting
 28990 | Shoals:4 | Entered Level 4 of the Shoals
 29053 | Shoals:4 | Received a gift from Okawaru
 29670 | Shoals:4 | Identified the Reference Book on the Boosting Blaze
 29840 | Shoals:4 | Reached skill level 15 in Armour
 29866 | Shoals:4 | Got a barnacled rune of Zot
 30518 | Elf:1    | Entered Level 1 of the Elven Halls
 31622 | Elf:2    | Received a gift from Okawaru
 31678 | Elf:2    | Reached XP level 19. HP: 180/183 MP: 25/25
 31970 | Elf:2    | Found a runed translucent gate.
 31972 | Elf:2    | Found a runed translucent gate.
 31975 | Elf:2    | Found a runed translucent gate.
 32057 | Elf:2    | Reached skill level 1 in Dodging
 32058 | Elf:2    | Found a shimmering blue altar of Sif Muna.
 32172 | Elf:2    | Found Adaul's Book Shoppe.
 32344 | Elf:3    | Entered Level 3 of the Elven Halls
 32418 | Elf:3    | Found Gitih's Antique Armour Emporium.
 32473 | Elf:3    | Got a crystal broad axe
 32476 | Elf:3    | Identified the +5 broad axe "Agezag" {antimagic, -Tele +Inv
                  | rElec} (You acquired it on level 3 of the Elven Halls)
 32493 | Elf:3    | Bought an embroidered scarf for 152 gold pieces
 32550 | Elf:3    | Received a gift from Okawaru
 32603 | Elf:3    | Noticed Saint Roka
 32626 | Elf:3    | Killed Saint Roka
 32626 | Elf:3    | Reached skill level 20 in Fighting
 33508 | Elf:3    | Identified the +6 scale mail of Inviolability {Regen+
                  | Dex+2}
 33549 | Elf:3    | Identified the +8 mace of Virtue {crush, MR+}
 33572 | Elf:3    | Received a gift from Okawaru
 33587 | Elf:3    | Noticed a Brimstone Fiend
 33778 | Elf:3    | Reached skill level 5 in Dodging
 33971 | Elf:3    | Identified the +6 battleaxe of the Well-Known Queens
                  | {protect, Dex+2}
 34089 | Elf:3    | Identified Lugalaps's Reference Book on Ignition and Poison
 34096 | Elf:3    | Identified the Tome of Evil Magic
 34187 | Elf:3    | Got a pair of dazzling boots
 34188 | Elf:3    | Identified the cursed -2 pair of boots "Lephack" {rElec rC+
                  | Dex+4 Stlth+} (You found it on level 3 of the Elven Halls)
 34484 | Vaults:1 | Entered Level 1 of the Vaults
 34803 | Vaults:1 | Received a gift from Okawaru
 34814 | Vaults:1 | Reached XP level 20. HP: 195/195 MP: 26/26
 34890 | Vaults:1 | Identified the +7 glaive "Ogriumadoipn" {elec, *Rage rN+
                  | Stlth+}
 34908 | Vaults:1 | Cast into level 2 of the Abyss (a deep elf sorcerer)
 35165 | Vaults:1 | Escaped the Abyss
 35298 | Vaults:1 | Reached skill level 21 in Fighting
 35311 | Vaults:1 | Identified the ring "Vonturoik" {rC+ AC+3 Str+3}
 35767 | Vaults:1 | Received a gift from Okawaru
 36210 | Vaults:2 | Found a bloodstained altar of Trog.
 36299 | Vaults:2 | Found a magical portal.
 36363 | WizLab   | Received a gift from Okawaru
 36375 | WizLab   | Identified the +1 plate armour "Soech" {*Corrode rPois
                  | Str+8 Stlth+} (Okawaru gifted it to you in a wizard's
                  | laboratory)
 36792 | WizLab   | Reached skill level 22 in Fighting
 36809 | WizLab   | Reached XP level 21. HP: 207/207 MP: 27/27
 37156 | WizLab   | Identified the Grimoire of Creative Hexes
 37187 | WizLab   | Identified Iskenderun's Tome of Conjuration
 37187 | WizLab   | Identified Iskenderun's Reference Book on Conjuration
 37257 | Vaults:2 | Reached skill level 10 in Dodging
 37383 | Vaults:2 | You fall into a shaft and drop 2 floors!
 37975 | Vaults:3 | Reached skill level 23 in Fighting
 38071 | Vaults:3 | Received a gift from Okawaru
 38225 | Vaults:3 | You fall into a shaft and drop 1 floor!
 38682 | Vaults:2 | Found a staircase to the Crypt.
 39722 | Vaults:3 | Reached skill level 24 in Fighting
 39925 | Vaults:4 | Reached XP level 22. HP: 221/223 MP: 28/28
 39948 | Vaults:4 | Received a gift from Okawaru
 41463 | Slime:1  | Entered Level 1 of the Pits of Slime
 41942 | Slime:2  | Reached skill level 25 in Fighting
 42110 | Slime:2  | Gained mutation: Your body sometimes deteriorates upon
                  | taking damage. [a shining eye]
 42212 | Slime:3  | Noticed Dissolution
 42228 | Slime:2  | Killed Dissolution
 42354 | Slime:4  | Received a gift from Okawaru
 42380 | Slime:5  | Entered Level 5 of the Pits of Slime
 42393 | Slime:5  | Reached skill level 15 in Dodging
 42546 | Slime:5  | Noticed the Royal Jelly
 42551 | Slime:5  | Found a viscous altar of Jiyva.
 42567 | Slime:5  | Killed the Royal Jelly
 42567 | Slime:5  | Reached skill level 26 in Fighting
 42728 | Slime:5  | Reached XP level 23. HP: 208/236 MP: 29/29
 42752 | Slime:5  | Found the +3 Elemental Staff {rElec rF++ rC++ MR++ AC+5}
 42770 | Slime:5  | Got a translucent ivory ring
 42771 | Slime:5  | Identified the ring of Fegank {Ice +Blink rN+ Dex-2 Slay+2}
                  | (You found it on level 5 of the Pits of Slime)
 42837 | Slime:5  | Got a slimy rune of Zot
 43001 | Lair:5   | Lost mutation: Your body sometimes deteriorates upon taking
                  | damage. [potion of mutation]
 43001 | Lair:5   | Gained mutation: Your flesh is cold resistant. (rC+)
                  | [potion of mutation]
 43001 | Lair:5   | Gained mutation: You are dopey. (Int -2) [potion of
                  | mutation]
 43001 | Lair:5   | Gained mutation: You have a somewhat thin skeletal
                  | structure. (Dex +2, Stealth) [potion of mutation]
 43001 | Lair:5   | Gained mutation: Your system is resistant to poisons.
                  | (rPois) [potion of mutation]
 43231 | Depths:1 | Entered Level 1 of the Depths
 43338 | Depths:1 | Found a one-way gate to the infinite horrors of the Abyss.
 43423 | Depths:1 | Found the +10 morningstar "Eos" {elec, Halo rElec}
 43423 | Depths:1 | Found a gateway to Hell.
 43762 | Depths:1 | Found a runed translucent door.
 43766 | Depths:1 | Noticed Barug's ghost (adept TrMo)
 43953 | Depths:1 | Found a one-way gate leading to the halls of Pandemonium.
 44137 | Depths:2 | Found a gateway to a ziggurat.
 44266 | Depths:2 | Found a flickering gateway to a bazaar.
 44273 | Depths:2 | Reached skill level 27 in Fighting
 44305 | Bazaar   | Entered a bazaar
 44321 | Bazaar   | Found Fuxarif's Jewellery Emporium.
 44327 | Bazaar   | Bought the ring "Kenekar" {+Blink rF+ MR+ AC+3} for 333
                  | gold pieces
 44347 | Bazaar   | Found Xuhiufruj's Distillery.
 44347 | Bazaar   | Found Yffygg's Magic Scroll Emporium.
 44351 | Bazaar   | Bought 2 potions of heal wounds for 90 gold pieces
 44357 | Bazaar   | Bought a scroll of acquirement for 728 gold pieces
 44357 | Bazaar   | Bought a scroll of enchant armour for 105 gold pieces
 44357 | Bazaar   | Bought a scroll of blinking for 105 gold pieces
 44357 | Bazaar   | Bought a scroll of blinking for 105 gold pieces
 44368 | Bazaar   | Found Assuad's Gadget Emporium.
 44667 | Depths:2 | Received a gift from Okawaru
 45228 | Depths:3 | Found a corrupted altar of Lugonu.
 45430 | Depths:3 | Found a portal to a secret trove of treasure.
 45521 | Trove    | Entered a treasure trove
 45533 | Trove    | Got a glittering bone ring
 45550 | Trove    | Identified the ring "Jimikauc" {rF+ Dex+4} (You found it in
                  | a treasure trove)
 45879 | Depths:3 | Found a glowing golden altar of the Shining One.
 46492 | Depths:4 | Reached XP level 24. HP: 150/249 MP: 30/30
 46835 | Depths:4 | Identified the +2 leather armour "Adwaud" {MP+9 Str-4
                  | Int+5}
 47161 | Depths:4 | Paralysed by a floating eye for 4 turns
 47359 | Depths:4 | Noticed an ancient lich
 47375 | Depths:4 | Killed an ancient lich
 47833 | Depths:5 | Entered Level 5 of the Depths
 48192 | Depths:5 | Found a sacrificial altar of Ru.
 48364 | Depths:5 | Noticed Xtahua
 48386 | Depths:5 | Killed Xtahua
 48546 | Depths:5 | Noticed Sojobo
 48570 | Depths:5 | Killed Sojobo
 48680 | Depths:5 | Found a gate to the Realm of Zot.
 49036 | Zot:1    | Entered Level 1 of the Realm of Zot
 49379 | Zot:1    | Received a gift from Okawaru
 49600 | Zot:1    | Found the brooch of Shielding {Reflect SH+8}
 49774 | Zot:2    | Reached XP level 25. HP: 237/257 MP: 32/32
 51302 | Zot:3    | Received a gift from Okawaru
 52149 | Zot:4    | Reached skill level 15 in Evocations
 52541 | Zot:4    | Reached XP level 26. HP: 137/266 MP: 33/33
 52786 | Zot:4    | Noticed an orb of fire
 52799 | Zot:4    | Killed an orb of fire
 52799 | Zot:4    | Received a gift from Okawaru
 54800 | Zot:5    | Entered Level 5 of the Realm of Zot
 55303 | Zot:5    | Noticed an orb of fire
 55304 | Zot:5    | Gained mutation: Your magical capacity is low. (-10% MP)
                  | [an orb of fire]
 55306 | Zot:5    | Gained mutation: You are clumsy. (Dex -2) [an orb of fire]
 55306 | Zot:5    | Gained mutation: You occasionally shout uncontrollably at
                  | your foes. [an orb of fire]
 55321 | Zot:5    | Gained mutation: Your spells are a little easier to cast,
                  | but a little less powerful. [an orb of fire]
 55325 | Zot:5    | Killed an orb of fire
 55333 | Zot:5    | Received a gift from Okawaru
 55342 | Zot:5    | Noticed an ancient lich
 55354 | Zot:5    | Killed an ancient lich
 55358 | Zot:5    | Noticed an ancient lich
 55364 | Zot:5    | Noticed an ancient lich
 55376 | Zot:5    | Killed an ancient lich
 55382 | Zot:5    | Killed an ancient lich
 55458 | Zot:5    | Noticed an ancient lich
 55470 | Zot:5    | Killed an ancient lich
 55483 | Zot:5    | Reached XP level 27. HP: 254/273 MP: 29/29
 56562 | Zot:5    | Noticed an ancient lich
 56572 | Zot:5    | Killed an ancient lich
 57736 | Zot:5    | Noticed an ancient lich
 57750 | Zot:5    | Killed an ancient lich
 57763 | Zot:5    | Received a gift from Okawaru
 58038 | Zot:5    | Got the Orb of Zot
 58378 | Depths:1 | Noticed Doamp the pandemonium lord
 58391 | Depths:1 | Noticed Xum Voziegec the pandemonium lord
 58399 | Depths:1 | Noticed Yguaqyu the pandemonium lord
 58780 | D:$      | Escaped with the Orb!

Levels and vault maps discovered:
D:1:      lightli_arrival_boilingwater, layout_basic
D:2:      layout_rooms, elyvilon_altar_5
D:3:      layout_loops_ring, serial_undead, serial_undead_d, serial_undead_d,
          serial_undead_f, serial_undead_d, serial_undead_f, serial_undead_a,
          serial_undead_d, serial_undead_f, first_ration, uniq_jessica
D:4:      layout_cave_pools, nicolae_overflow_crystal_walls, kennysheep_mini,
          minmay_temple_entry_offerings, serial_forest, infiniplex_forest_end_2,
          infiniplex_forest_clump_long, infiniplex_forest_pool,
          infiniplex_forest_clump_medium, infiniplex_forest_clump_double,
          infiniplex_forest_clump_medium, infiniplex_forest_end_3
D:5:      layout_cave_pools, overflow_temple_1_default, uniq_menkaure
D:6:      layout_basic, grunt_qazlal_sundering, marbit_many_paths, tgw_sif,
          uniq_eustachio, uniq_sigmund, uniq_blork_the_orc,
          uniq_crazy_yiuf_cottage
D:7:      minmay_razor_zed, layout_basic, gammafunk_temple_overflow_wave,
          serial_shops, shop, uniq_joseph
D:8:      layout_basic, grunt_pizzeria
D:9:      minmay_separated_statues, layout_cave_pools, makhleb_heckhound_becter
D:10:     minmay_the_grid_triangle_9x9_rhombus_thin
          [minmay_the_grid_triangle_9x9_pentomino_pain,
          minmay_the_grid_triangle_9x9_prize_insulated,
          minmay_the_grid_triangle_9x9_tough_junction,
          minmay_the_grid_triangle_9x9_flanged_cone], layout_basic,
          lair_entry_dummy, basic_altar
D:11:     layout_rooms, feat_on_display
D:12:     layout_grid_maze, david_orc_3, hangedman_decor_growths,
          grunt_ministairs_1
D:13:     layout_cave_pods, david_vaults_5, minmay_fractal_squares_5,
          uniq_nessos
D:14:     layout_roguey, uniq_agnes, uniq_josephine
D:15:     gammafunk_enter_depths_forms, layout_gridville,
          hangedman_abyss_or_decor_jellyfish_corner
Temple:   eino_narrow_crystal_temple
Lair:1:   layout_chaotic_city, serial_bayou_pond_c, grunt_megastairs_2
Lair:2:   layout_gridlike, portal_ice_cave_entry_ice_beasts, st_stairs_11,
          serial_bayou_shore_b, lemuel_fruit_tree
Lair:3:   layout_regular_city, nzn_random_ring, minmay_lair_oklob_chamber
Lair:4:   onia_ninara_swampy_vault, layout_regular_city,
          elwin_shoals_entry_rooms, minmay_snake_entry_guardpost_small
Lair:5:   layout_roguey, nicolae_slime_entry_slimehenge,
          small_statue_intersection, uniq_sonja
Lair:6:   gammafunk_lair_ancient_temple, layout_long_grid, basic_altar
Shoals:1: layout_shoals, yaktaur_hedge
Shoals:2: layout_shoals, nicolae_shoals_flooded_hall, uniq_aizul
Shoals:3: layout_shoals, uniq_ilsuiw
Shoals:4: shoals_end_hangedman, layout_shoals
Snake:1:  layout_grid_maze, serial_bayou_shore_b, uniq_louise
Snake:2:  layout_onion, minmay_shoptagon
Snake:3:  layout_basic, minmay_shop_grove, grunt_megastairs_4
Snake:4:  grunt_snake_rune_pools, layout_misc_corridors, uniq_bai_suzhen,
          uniq_vashnia
Slime:1:  layout_caves
Slime:2:  layout_caves, cheibrodos_slime_lost_civilization_7
Slime:3:  cheibrodos_slime_lost_civilization_9, layout_caves, dissolution_awaits
Slime:4:  layout_caves
Slime:5
Orc:1:    layout_caves, serial_shops, shop_fountains, basic_altar, uniq_nergalle
Orc:2:    st_orc_congregation, layout_diamond_mine, abandoned_shop, rock_pile
Elf:1:    layout_loops_corners, minivault_28
Elf:2:    layout_geoelf_octagon, basic_altar, serial_shops, shop,
          chequers_big_river
Elf:3:    elf_hall, layout_gridlike, serial_shops, nicolae_shop_statue_plus,
          uniq_saint_roka
Vaults:1: v_pattern_3, vaults_room_grunt_arrival_ludios, v_misc_22,
          st_greater_box_1, nicolae_vaults_network_periphery,
          hangedman_vaults_unwind, vaults_mumra_lcd, ontoclasm_vaults_pinch,
          hangedman_vaults_stream, vaults_dpeg_encased_lava,
          vaults_room_stairs_pillars, layout_vaults_maze_snakey
Vaults:2: hangedman_vaults_snaps, vaults_dpeg_diagonal, st_cross,
          minmay_crypt_entry_vampire_xt, ontoclasm_vaults_fault, v_misc_9,
          vaults_room_door_ring, ontoclasm_vaults_twist, layout_vaults_omnigrid,
          infiniplex_enter_wizlab_water, basic_altar
Vaults:3: grunt_vaults_focal, hangedman_vaults_river_flow,
          nicolae_vaults_ninety_degrees, ontoclasm_vaults_chip,
          vaults_room_fours, v_misc_8, v_misc_28, dpeg_vaults_monster_row,
          vaults_room_door_ring, vaults_room_pool, grunt_vaults_hallway_long,
          grunt_vaults_hallway_short, layout_vaults_omnicross
Vaults:4: hangedman_vaults_stitches, v_misc_11, hangedman_vaults_restitches,
          hangedman_vaults_cutoff, grunt_vaults_diagonal, v_misc_15,
          nicolae_vaults_yaktaur_gun_rack, layout_vaults_big_room
Depths:1: layout_small_grid, serial_rivers, chequers_serial_rivers_room_b,
          chequers_serial_rivers_micro_c, chequers_serial_rivers_room_b,
          chequers_serial_rivers_room_a, chequers_serial_rivers_small_3,
          ebering_ghost_reflecting_pool, lightli_too_deep,
          grunt_pan_entry_zigzag, abyss_entry_crystal, minmay_misc_feat_plants,
          kennysheep_path_1, kennysheep_small_spiral, skrybe_limestone_x
Depths:2: minmay_bloctagon_deflated, layout_small_grid, enter_ziggurat_e,
          abyss_entry, hellmouth_1, minmay_misc_feat_roman, serial_shops,
          bzr_entry_islet
Depths:3: wander_protected_by_tso, layout_gridlike, hell_entry,
          rand_demon_pan_entry_7, nicolae_trove_entry_path_of_doom,
          abyss_entry_flame_altar
Depths:4: lemuel_river_lethe, serial_shops, hell_entry, abyss_entry
Depths:5: grunt_bruiser_brothers, layout_long_grid, hell_entry, abyss_entry,
          old_standard_altar, serial_bayou_shore_a, uniq_sojobo, uniq_xtahua
Zot:1:    layout_misc_corridors
Zot:2:    kennysheep_bubbly, layout_gridlike
Zot:3:    layout_misc_corridors
Zot:4:    grunt_deathspiral_small, layout_cathedral_of_symmetry,
          lemuel_baited_zot_trap
Zot:5:    layout_twisted_circle

Skill      XL: |  1  2  3  4  5  6  7  8  9 10 11 12 13 14 15 16 17 18 19 20 21 22 23 24 25 26 27 |
---------------+----------------------------------------------------------------------------------+-----
Axes           | 3 4 5 6 8 9 11 12 14 16 18 | 18.0
Armour         | 4 5 6 7 8 9 10 11 12 14 15 16 18 20 23 24 | 24.0
Fighting       | 4 5 6 7 8 9 11 12 13 15 16 17 18 19 20 22 24 26 27 | 27.0
Invocations    | 2 3 4 6 8 9 |  9.0
Evocations     | 4 5 6 8 9 10 11 13 15 | 15.0
Shields        | 4 7 10 13 15 17 19 21 22 24 25 | 25.0
Dodging        | 6 9 12 15 16 18 19 22 | 22.9

Action                   |  1- 3 |  4- 6 |  7- 9 | 10-12 | 13-15 | 16-18 | 19-21 | 22-24 | 25-27 || total
-------------------------+-------+-------+-------+-------+-------+-------+-------+-------+-------++-------
Melee: War axe           |    74 |   204 |   327 |   479 |   920 |       |       |       |       ||  2004
       Headbutt          |     5 |    35 |    63 |   116 |   270 |   373 |   495 |   635 |   407 ||  2399
       Broad axe         |       |       |       |       |   199 |  1421 |  1544 |  1674 |  1090 ||  5928
Throw: Javelin           |       |       |       |     5 |       |       |       |     1 |       ||     6
       Throwing net      |       |       |       |       |       |       |       |     3 |     4 ||     7
Invok: Heroism           |       |       |     4 |     3 |     7 |     7 |     4 |     4 |     5 ||    34
       Finesse           |       |       |       |     3 |     7 |     7 |     4 |     3 |     5 ||    29
 Abil: Evoke Flight      |       |       |       |       |       |    10 |       |       |       ||    10
       Evoke Blink       |       |       |       |       |       |       |       |     1 |     2 ||     3
Evoke: Wand              |       |       |       |    15 |    14 |       |     2 |       |     3 ||    34
       Lightning rod     |       |       |       |     9 |     9 |       |       |       |       ||    18
       Phial of floods   |       |       |       |     1 |       |       |       |       |       ||     1
       Lamp of fire      |       |       |       |       |     3 |       |       |       |     1 ||     4
  Use: Scroll            |     2 |     6 |     9 |    17 |    12 |     9 |    17 |    20 |     6 ||    98
       Potion            |       |       |       |     1 |     5 |       |     3 |     7 |    11 ||    27
 Stab: Paralysed         |       |       |       |       |     5 |       |       |       |       ||     5
       Petrifying        |       |       |       |       |     1 |       |       |       |       ||     1
       Petrified         |       |       |       |       |     1 |       |       |       |       ||     1
       Distracted        |       |       |       |       |       |       |     2 |     2 |       ||     4
       Held in net/web   |       |       |       |       |       |       |       |     1 |       ||     1
       Confused          |       |       |       |       |       |       |       |       |     1 ||     1
  Eat: Chunk             |       |     5 |    13 |    16 |    26 |    21 |    23 |    21 |    11 ||   136
       Ration            |       |       |       |     1 |     3 |     3 |     1 |     3 |     5 ||    16
Armor: Scale mail        |    24 |       |       |       |       |       |       |       |       ||    24
       Plate armour      |    18 |   115 |   143 |   249 |   374 |   544 |   291 |   400 |   276 ||  2410
Dodge: Dodged            |    24 |    33 |    93 |   309 |   384 |   326 |   285 |   446 |   415 ||  2315
Block: Shield            |    32 |    96 |   141 |    54 |   159 |    35 |       |       |       ||   517
       Buckler           |       |       |       |   127 |   266 |       |       |       |       ||   393
       Large shield      |       |       |       |       |       |  1586 |  1368 |  2074 |  1329 ||  6357
